 Dungeon Crawl Stone Soup version 0.27.1-4-g1640c2035a (webtiles) character file.

Game seed: 7684675438900732805

271 deusastra the Poker (level 6, 0/53 HPs)
             Began as a Minotaur Gladiator on Nov 12, 2021.
             Succumbed to a water moccasin's poison
             ... on level 3 of the Dungeon.
             The game lasted 00:10:18 (2676 turns).

deusastra the Poker (Minotaur Gladiator)            Turns: 2676, Time: 00:10:19

Health: 0/53       AC:  7    Str: 20    XL:     6   Next: 2%
Magic:  5/5        EV: 12    Int:  5    God:
Gold:   63         SH:  0    Dex: 12    Spells: 5/5 levels left

rFire    + . .     SeeInvis .   a - +0 trident
rCold    + . .     Faith    .   (no shield)
rNeg     . . .     Spirit   .   l - +0 ring mail
rPois    +         Reflect  .   c - +0 hat
rElec    +         Harm     .   g - +0 cloak
rCorr    +         Rampage  .   (no gloves)
Will     .....                  h - +0 pair of boots
Stlth    +.........             (no amulet)
HPRegen  0.17/turn              (no ring)
MPRegen  0.09/turn              (no ring)

@: brilliant, lethally poisoned (0 -> -3), resistant, flying, hasted, very quick
A: horns 2, retaliatory headbutt
a: no special abilities


You were on level 3 of the Dungeon.
You visited 1 branch of the dungeon, and saw 3 of its levels.

You collected 63 gold pieces.

Inventory:

Hand Weapons
 a - a +0 trident (weapon)
Missiles
 d - 3 throwing nets
 o - 57 stones (quivered)
Armour
 b - a +0 leather armour
 c - a +0 hat (worn)
 g - a +0 cloak (worn)
 h - a +0 pair of boots (worn)
 j - a +0 helmet
 l - a +0 ring mail (worn)
Magical Staves
 q - a staff of earth
Scrolls
 e - 2 scrolls of identify
 f - a scroll of teleportation


   Skills:
 * Level 4.4 Fighting
 * Level 5.3 Polearms
 + Level 2.9 Throwing
 * Level 4.9 Dodging


You had 5 spell levels left.
You didn't know any spells.
Your spell library was empty.

Dungeon Overview and Level Annotations

Branches:
Dungeon (3/15)

Altars:


Innate Abilities, Weirdness & Mutations

You have a pair of horns on your head.
You reflexively headbutt those who attack you in melee.


Message History

The water moccasin is almost dead.
* * * LOW HITPOINT WARNING * * *
You feel very sick. The water moccasin closely misses you.
You furiously retaliate!
You headbutt the water moccasin.
You kill the water moccasin!
Your Fighting skill increases to level 4!
Your Polearms skill increases to level 5!
You have reached level 6!
Your experience leads to an increase in your attributes!
Increase (S)trength, (I)ntelligence, or (D)exterity?
You feel stronger.
It was a potion of flight.
You feel very buoyant.
You fly up into the air.
* * * LOW HITPOINT WARNING * * *
You feel very sick.
It was a potion of brilliance.
You feel clever all of a sudden.
* * * LOW HITPOINT WARNING * * *
You feel sick.
It was a potion of resistance.
You feel protected.
* * * LOW HITPOINT WARNING * * *
You feel sick.
It was a potion of haste.
You feel yourself speed up.
* * * LOW HITPOINT WARNING * * *
You feel sick.
As you read the scroll labelled DUTA HAHUTH, it crumbles to dust.
It is a scroll of identify.
f - a scroll of teleportation
As you read the scroll labelled BENOCA FAIHUR, it crumbles to dust.
It is a scroll of amnesia.
You feel forgetful for a moment.
* * * LOW HITPOINT WARNING * * *
You feel sick.
There is a lethal amount of poison in your body!
* * * LOW HITPOINT WARNING * * *
You feel sick.
You die...

#.# #.## #.#
#.. ##)###.#
#.).##.##
#...)...#
##..##..##
#.###...######
#:# #....?...)
#.# #†@.######
.......###
....##.# ...#
#.# .. #. # #.
##


There were no monsters in sight!

Vanquished Creatures
  A water moccasin (D:3)
  3 orc priests (D:2)
  An adder (D:2)
  A worm (D:3)
  3 dart slugs
  7 orcs
  5 endoplasms (D:1)
  2 giant cockroaches
  4 hobgoblins
  2 jackals (D:1)
  2 kobolds
  2 quokkas
  5 ball pythons
  5 bats
  2 frilled lizards
  5 goblins
  5 rats
55 creatures vanquished.

Notes
Turn   | Place    | Note
-------+----------+-------------------------------------------
     0 | D:1      | deusastra the Minotaur Gladiator began the quest for the
                  | Orb.
     0 | D:1      | Reached XP level 1. HP: 18/18 MP: 0/0
   364 | D:1      | Reached XP level 2. HP: 25/25 MP: 1/1
   503 | D:1      | Reached skill level 4 in Polearms
   731 | D:1      | Found a faded altar of an unknown god.
   793 | D:1      | Reached XP level 3. HP: 28/31 MP: 2/2
  1429 | D:2      | Reached XP level 4. HP: 38/38 MP: 3/3
  1465 | D:2      | Reached XP level 5. HP: 3/46 MP: 4/4
  2650 | D:3      | Noticed a water moccasin
  2667 | D:3      | Killed a water moccasin
  2668 | D:3      | Reached skill level 5 in Polearms
  2668 | D:3      | Reached XP level 6. HP: 11/53 MP: 5/5
  2671 | D:3      | HP: 2/53 [poisoned by a water moccasin]
  2676 | D:3      | Succumbed to a water moccasin's poison

Illustrated notes

Levels and vault maps discovered:
D:1:      psy_arrival_radial02, layout_loops_ring, basic_ecumenical_altar,
          chequers_jeans, grunt_decor_arrowhead
D:2:      cheibrodos_pilgrimage, layout_loops_corners, st_stairs_2
D:3:      layout_loops_ring, minmay_fractal_squares_5, uniq_crazy_yiuf_cottage

Skill      XL: |  1  2  3  4  5 |
---------------+----------------+-----
Polearms       | 4 5 |  5.3
Fighting       | 3 4 |  4.4
Dodging        | 4 |  4.9
Throwing       | |  2.9

Action                   |  1- 3 |  4- 6 || total
-------------------------+-------+-------++-------
Melee: Trident           |    79 |    58 ||   137
       Headbutt          |    10 |     6 ||    16
  Use: Potion            |       |     5 ||     5
       Scroll            |       |     2 ||     2
 Stab: Sleeping          |     1 |       ||     1
Armor: Leather armour    |    11 |     1 ||    12
       Ring mail         |       |    11 ||    11
Dodge: Dodged            |    31 |    22 ||    53
